SL
CHICAGO GOLD SOX @ RICHARDSON CITY THUNDERCATS
08/21/2031
 
TOP OF THE 1ST
Chicago Gold Sox batting - Pitching for Richardson City Thundercats : LHP Bartolomeu Lio
Pitching: LHP Bartolomeu Lio
Batting: LHB Shigenobu Ohayashi 0-0: Ball
1-0: Called Strike
1-1: Foul Ball, location: 2F
1-2: Foul Ball, location: 2F
1-2: SINGLE (Line Drive, 89S)
Batting: LHB Noel Ballard 0-0: Ball
1-0: Foul Ball, location: 2F
1-1: Ball
2-1: Foul Ball, location: 2F
2-2: Foul Ball, location: 2F
2-2: Strikes out swinging
Batting: SHB Lupo Cotto 0-0: Ball
1-0: Hit by Pitch
Shigenobu Ohayashi to second
Batting: RHB Ben Kennerly 0-0: Called Strike
0-1: SINGLE (Line Drive, 6MD)
Shigenobu Ohayashi to third
Lupo Cotto to second
Runner from 3rd tries for Home, SAFE, no throw
Batting: LHB Sergio Rodríguez 0-0: Grounds into double play, 3-6-3 (Groundball, 3)
Top of the 1st over - 1 run, 2 hits, 0 errors, 1 left on base; Chicago 1 - Richardson City 0
BOTTOM OF THE 1ST
Richardson City Thundercats batting - Pitching for Chicago Gold Sox : LHP Keisuke Nishida
Pitching: LHP Keisuke Nishida
Batting: SHB Mitch Qualtrough 0-0: Fly out, F9 (Flyball, 9S)
Batting: LHB Juan Macíel 0-0: Swinging Strike
0-1: Called Strike
0-2: Strikes out looking
Batting: RHB Javier Rivera 0-0: Swinging Strike
0-1: Ball
1-1: Ball
2-1: Fly out, F8 (Flyball, 8RXD)
Bottom of the 1st over - 0 runs, 0 hits, 0 errors, 0 left on base; Chicago 1 - Richardson City 0
TOP OF THE 2ND
Chicago Gold Sox batting - Pitching for Richardson City Thundercats : LHP Bartolomeu Lio
Batting: RHB Zeus Preckwinkle 0-0: Ball
1-0: Ball
2-0: Foul Ball, location: 2F
2-1: Reached on error, E6 (Groundball, 56)
Batting: RHB Jorge Baker 0-0: Ball
1-0: Grounds into double play, 4-6-3 (Groundball, 34)
Batting: RHB Howard Lee 0-0: Fly out, F7 (Flyball, 7)
Top of the 2nd over - 0 runs, 0 hits, 1 error, 0 left on base; Chicago 1 - Richardson City 0
BOTTOM OF THE 2ND
Richardson City Thundercats batting - Pitching for Chicago Gold Sox : LHP Keisuke Nishida
Batting: RHB Tomás Martínez 0-0: Called Strike
0-1: Called Strike
0-2: Foul Ball, location: 2F
0-2: Ball
1-2: Strikes out swinging
Batting: RHB Anselmo Berneu 0-0: Called Strike
0-1: Foul Ball, location: 2F
0-2: Ball
1-2: Foul Ball, location: 2F
1-2: Ball
2-2: Ground out 5-3 (Groundball, 56)
Batting: RHB Chi-ju Zhang 0-0: Ball
1-0: Ball
2-0: Called Strike
2-1: Foul Ball, location: 2F
2-2: SINGLE (Line Drive, 4MD)
Batting: RHB Felipe Campos 0-0: Ground out U3 (Groundball, 34)
Bottom of the 2nd over - 0 runs, 1 hit, 0 errors, 1 left on base; Chicago 1 - Richardson City 0
TOP OF THE 3RD
Chicago Gold Sox batting - Pitching for Richardson City Thundercats : LHP Bartolomeu Lio
Batting: RHB Jeb Sexton 0-0: Foul Ball, location: 2F
0-1: Ball
1-1: Ball
2-1: Ball
3-1: Base on Balls
Batting: LHB Shigenobu Ohayashi 0-0: Swinging Strike
0-1: Swinging Strike
0-2: DOUBLE (Line Drive, 9LD)
Jeb Sexton to third
Batting: LHB Noel Ballard 0-0: Called Strike
0-1: Foul Ball, location: 2F
0-2: DOUBLE (Line Drive, 78D)
Jeb Sexton scores
Shigenobu Ohayashi scores
Batting: SHB Lupo Cotto 0-0: Called Strike
0-1: Ball
1-1: Swinging Strike
1-2: Strikes out swinging
Batting: RHB Ben Kennerly 0-0: Called Strike
0-1: Called Strike
0-2: Fly out, F4 (Popup, 4S)
Batting: LHB Sergio Rodríguez 0-0: Fly out, F9 (Flyball, 9)
Top of the 3rd over - 2 runs, 2 hits, 0 errors, 1 left on base; Chicago 3 - Richardson City 0
BOTTOM OF THE 3RD
Richardson City Thundercats batting - Pitching for Chicago Gold Sox : LHP Keisuke Nishida
Batting: RHB Louis Gibbons 0-0: Fly out, F9 (Flyball, 9S)
Batting: RHB IV Seacat 0-0: Ball
1-0: Ground out 5-3 (Groundball, 56)
Batting: SHB Mitch Qualtrough 0-0: Ball
1-0: Fly out, F7 (Flyball, 7)
Bottom of the 3rd over - 0 runs, 0 hits, 0 errors, 0 left on base; Chicago 3 - Richardson City 0
TOP OF THE 4TH
Chicago Gold Sox batting - Pitching for Richardson City Thundercats : LHP Bartolomeu Lio
Batting: RHB Zeus Preckwinkle 0-0: Foul Ball, location: 2F
0-1: Foul Ball, location: 2F
0-2: Foul Ball, location: 2F
0-2: Strikes out looking
Batting: RHB Jorge Baker 0-0: Called Strike
0-1: Called Strike
0-2: SINGLE (Groundball, 3S) (infield hit)
Batting: RHB Howard Lee 0-0: Ball
1-0: Ball
2-0: Called Strike
2-1: Called Strike
2-2: Strikes out swinging
Batting: RHB Jeb Sexton 0-0: Called Strike
0-1: Ball
1-1: SINGLE (Groundball, 56D)
Jorge Baker to second
Batting: LHB Shigenobu Ohayashi 0-0: Called Strike
0-1: Foul Ball, location: 2F
0-2: Ball
1-2: Ball
2-2: Foul Ball, location: 2F
2-2: Foul Ball, location: 2F
2-2: Foul Ball, location: 2F
2-2: Ball
3-2: Fly out, F4 (Popup, 4MS)
Top of the 4th over - 0 runs, 2 hits, 0 errors, 2 left on base; Chicago 3 - Richardson City 0
BOTTOM OF THE 4TH
Richardson City Thundercats batting - Pitching for Chicago Gold Sox : LHP Keisuke Nishida
Batting: LHB Juan Macíel 0-0: Ball
1-0: Foul Ball, location: 2F
1-1: Fly out, F7 (Line Drive, 7)
Batting: RHB Javier Rivera 0-0: Ball
1-0: Ball
2-0: SINGLE (Flyball, 8LS)
Batting: RHB Tomás Martínez 0-0: Ball
1-0: Ball
2-0: Called Strike
2-1: Foul Ball, location: 2F
2-2: Fly out, F9 (Flyball, 9S)
Batting: RHB Anselmo Berneu 0-0: Called Strike
0-1: Foul Ball, location: 2F
0-2: Ball
1-2: Strikes out swinging
Bottom of the 4th over - 0 runs, 1 hit, 0 errors, 1 left on base; Chicago 3 - Richardson City 0
TOP OF THE 5TH
Chicago Gold Sox batting - Pitching for Richardson City Thundercats : LHP Bartolomeu Lio
Batting: LHB Noel Ballard 0-0: Ball
1-0: Fly out, F8 (Flyball, 8LM)
Batting: SHB Lupo Cotto 0-0: Called Strike
0-1: Ball
1-1: Called Strike
1-2: Ground out 6-3 (Groundball, 6)
Batting: RHB Ben Kennerly 0-0: Ball
1-0: Ball
2-0: Ground out 4-3 (Groundball, 4)
Top of the 5th over - 0 runs, 0 hits, 0 errors, 0 left on base; Chicago 3 - Richardson City 0
BOTTOM OF THE 5TH
Richardson City Thundercats batting - Pitching for Chicago Gold Sox : LHP Keisuke Nishida
Batting: RHB Chi-ju Zhang 0-0: Fly out, F9 (Line Drive, 9)
Batting: RHB Felipe Campos 0-0: Foul Ball, location: 2F
0-1: Called Strike
0-2: SINGLE (Line Drive, 56D)
Batting: RHB Louis Gibbons 0-0: Fly out, F8 (Flyball, 8LM)
Batting: RHB IV Seacat 0-0: Ball
1-0: Called Strike
1-1: Swinging Strike
1-2: SINGLE (Groundball, 56D)
Felipe Campos to second
Batting: SHB Mitch Qualtrough 0-0: Ball
1-0: Foul Ball, location: 2F
1-1: Foul Ball, location: 2F
1-2: Strikes out swinging
Bottom of the 5th over - 0 runs, 2 hits, 0 errors, 2 left on base; Chicago 3 - Richardson City 0
TOP OF THE 6TH
Chicago Gold Sox batting - Pitching for Richardson City Thundercats : LHP Bartolomeu Lio
Batting: LHB Sergio Rodríguez 0-0: SINGLE (Line Drive, 3D)
Batting: RHB Zeus Preckwinkle 0-0: Ball
1-0: Sac Bunt - play at first, batter OUT! U3
Sergio Rodríguez to second
Batting: RHB Jorge Baker 0-0: Called Strike
0-1: Foul Ball, location: 2F
0-2: Strikes out swinging
Batting: RHB Howard Lee 0-0: Called Strike
0-1: Ball
1-1: Ball
2-1: Ball
3-1: Foul Ball, location: 2F
3-2: Fly out, F8 (Flyball, 8RS)
Top of the 6th over - 0 runs, 1 hit, 0 errors, 1 left on base; Chicago 3 - Richardson City 0
BOTTOM OF THE 6TH
Richardson City Thundercats batting - Pitching for Chicago Gold Sox : LHP Keisuke Nishida
Batting: LHB Juan Macíel 0-0: Ball
1-0: Bunt for hit - play at first, batter safe!
Batting: RHB Javier Rivera 0-0: Ball
1-0: Foul Ball, location: 2F
1-1: Grounds into double play, 1-6-3 (Groundball, P)
Batting: RHB Tomás Martínez 0-0: Ball
1-0: Ball
2-0: Fly out, F9 (Flyball, 8RS)
Bottom of the 6th over - 0 runs, 1 hit, 0 errors, 0 left on base; Chicago 3 - Richardson City 0
TOP OF THE 7TH
Chicago Gold Sox batting - Pitching for Richardson City Thundercats : LHP Bartolomeu Lio
Batting: RHB Jeb Sexton 0-0: Fly out, F9 (Flyball, 9S)
Batting: LHB Shigenobu Ohayashi 0-0: Fly out, F3 (Line Drive, 3)
Batting: LHB Noel Ballard 0-0: Ball
1-0: Ball
2-0: Foul Ball, location: 2F
2-1: Fly out, F5 (Popup, 5)
Top of the 7th over - 0 runs, 0 hits, 0 errors, 0 left on base; Chicago 3 - Richardson City 0
BOTTOM OF THE 7TH
Richardson City Thundercats batting - Pitching for Chicago Gold Sox : LHP Keisuke Nishida
Batting: RHB Anselmo Berneu 0-0: Called Strike
0-1: SINGLE (Line Drive, 4M)
Batting: RHB Chi-ju Zhang 0-0: Foul Ball, location: 2F
0-1: Ball
1-1: Ball
2-1: Foul Ball, location: 2F
2-2: Foul Ball, location: 2F
2-2: Ball
3-2: Strikes out looking
Batting: RHB Felipe Campos 0-0: Ball
1-0: Ball
2-0: Ball
3-0: Called Strike
3-1: Base on Balls
Anselmo Berneu to second
Batting: RHB Louis Gibbons 0-0: Ball
1-0: Ball
2-0: Called Strike
2-1: Ball
3-1: Called Strike
3-2: Fly out, F9 (Flyball, 9D)
Runner from 2nd tags up, SAFE at 3rd with throw
Batting: RHB IV Seacat 0-0: Foul Ball, location: 2F
0-1: Foul Ball, location: 2F
0-2: Ball
1-2: Foul Ball, location: 2F
1-2: Foul Ball, location: 2F
1-2: SINGLE (Flyball, 3D)
Anselmo Berneu scores
Felipe Campos to second
Runner from 2nd tries for 3rd, SAFE, throw made to third
Batting: SHB Mitch Qualtrough 0-0: Ball
1-0: Foul Ball, location: 2F
1-1: Ball
2-1: Foul Ball, location: 2F
2-2: Ball
IV Seacat is caught stealing 2nd base
Bottom of the 7th over - 1 run, 2 hits, 0 errors, 1 left on base; Chicago 3 - Richardson City 1
TOP OF THE 8TH
Chicago Gold Sox batting - Pitching for Richardson City Thundercats : LHP Bartolomeu Lio
Batting: SHB Lupo Cotto 0-0: Ball
1-0: Foul Ball, location: 2F
1-1: Foul Ball, location: 2F
1-2: Ground out 6-3 (Groundball, 6)
Batting: RHB Ben Kennerly 0-0: Ball
1-0: Swinging Strike
1-1: Foul Ball, location: 2F
1-2: Fly out, F2 (Popup, 23F)
Batting: LHB Sergio Rodríguez 0-0: Foul Ball, location: 2F
0-1: Ball
1-1: Fly out, F4 (Line Drive, 4)
Top of the 8th over - 0 runs, 0 hits, 0 errors, 0 left on base; Chicago 3 - Richardson City 1
BOTTOM OF THE 8TH
Richardson City Thundercats batting - Pitching for Chicago Gold Sox : LHP Keisuke Nishida
Batting: SHB Mitch Qualtrough 0-0: Ball
1-0: Ground out 5-3 (Groundball, 56S)
Batting: LHB Juan Macíel 0-0: Swinging Strike
0-1: Foul Ball, location: 2F
0-2: Foul Ball, location: 2F
0-2: TRIPLE (Flyball, 9LD)
Batting: RHB Javier Rivera 0-0: Ball
1-0: Ball
Steal of home, Juan Macíel is safe
2-0: Ball
3-0: Called Strike
3-1: Base on Balls
Pitching: RHP Gordon Neugebauer
Batting: RHB Tomás Martínez 0-0: Called Strike
0-1: Grounds into double play, 6-4-3 (Groundball, 6M)
Bottom of the 8th over - 1 run, 1 hit, 0 errors, 0 left on base; Chicago 3 - Richardson City 2
TOP OF THE 9TH
Chicago Gold Sox batting - Pitching for Richardson City Thundercats : LHP Bartolomeu Lio
Batting: RHB Zeus Preckwinkle 0-0: Ball
1-0: Called Strike
1-1: Ball
2-1: Fly out, F4 (Line Drive, 4)
Pitching: RHP Kelsey MacGillivary
Batting: RHB Jorge Baker 0-0: Ball
1-0: Foul Ball, location: 2F
1-1: Swinging Strike
1-2: Strikes out swinging
Batting: RHB Howard Lee 0-0: Ball
1-0: Swinging Strike
1-1: SINGLE (Line Drive, 7S)
Pinch Hitting: LHB Clay Rush 0-0: Swinging Strike
0-1: Ball
1-1: Ball
2-1: Foul Ball, location: 2F
2-2: Ball
3-2: Strikes out swinging
Top of the 9th over - 0 runs, 1 hit, 0 errors, 1 left on base; Chicago 3 - Richardson City 2
BOTTOM OF THE 9TH
Richardson City Thundercats batting - Pitching for Chicago Gold Sox : RHP Gordon Neugebauer
Pitching: LHP Dan Crowder
Now at SS: Norman Winston
Batting: RHB Anselmo Berneu 0-0: Called Strike
0-1: SINGLE (Line Drive, 8LS)
Batting: RHB Chi-ju Zhang 0-0: Ball
1-0: Ball
2-0: Swinging Strike
2-1: Swinging Strike
2-2: Strikes out swinging
Batting: RHB Felipe Campos 0-0: Swinging Strike
0-1: SINGLE (Groundball, 4MD)
Anselmo Berneu to second
Runner from 2nd tries for 3rd, SAFE, no throw
Batting: RHB Louis Gibbons 0-0: Ball
1-0: Called Strike
1-1: Swinging Strike
1-2: Ball
2-2: Fly out, F9 (Flyball, 9D)
Runner from 3rd tags up, SCORES, throw made
Batting: RHB IV Seacat 0-0: Called Strike
Felipe Campos steals 2nd base
0-1: Ball
1-1: Swinging Strike
1-2: Strikes out swinging
Bottom of the 9th over - 1 run, 2 hits, 0 errors, 1 left on base; Chicago 3 - Richardson City 3
TOP OF THE 10TH
Chicago Gold Sox batting - Pitching for Richardson City Thundercats : RHP Kelsey MacGillivary
Batting: LHB Shigenobu Ohayashi 0-0: Ball
1-0: Called Strike
1-1: Called Strike
1-2: Ball
2-2: Ball
3-2: Foul Ball, location: 2F
3-2: Fly out, F8 (Flyball, 89D)
Batting: LHB Noel Ballard 0-0: Ground out 4-3 (Groundball, 34D)
Batting: SHB Lupo Cotto 0-0: Ball
1-0: Foul Ball, location: 2F
1-1: Foul Ball, location: 2F
1-2: SINGLE (Groundball, 34D)
Pinch Hitting: LHB Eddie Flynn 0-0: Foul Ball, location: 2F
0-1: Ball
1-1: Ball
2-1: Swinging Strike
2-2: Strikes out swinging
Top of the 10th over - 0 runs, 1 hit, 0 errors, 1 left on base; Chicago 3 - Richardson City 3
BOTTOM OF THE 10TH
Richardson City Thundercats batting - Pitching for Chicago Gold Sox : LHP Dan Crowder
Now at C: Eddie Flynn
Batting: SHB Mitch Qualtrough 0-0: Foul Ball, location: 2F
0-1: Swinging Strike
0-2: Ball
1-2: Ball
2-2: TRIPLE (Flyball, 7D)
Batting: LHB Juan Macíel 0-0: Ground out 4-3 (Groundball, 4)
Batting: RHB Javier Rivera 0-0: Intentional Walk
Batting: RHB Tomás Martínez 0-0: Ball
1-0: Fielders Choice attempt at home, Runner SAFE. 6-2 (Groundball, 6)
Tuesday, June 12th, 2018 - OOTP Baseball 18.8 Build 76